 Dungeon Crawl Stone Soup version 0.20.1-1-g8b1a95d (webtiles) character file.

65 Lanoc the Covered (level 3, -1/27 HPs)
             Began as a Demonspawn Wanderer on Dec 2, 2017.
             Was an Initiate of Gozag.
             Killed by nerve-wracking pain
             ... invoked by Grinder
              (4 damage)
             ... on level 3 of the Dungeon.
             The game lasted 00:08:35 (1614 turns).

Lanoc the Covered (Demonspawn Wanderer)             Turns: 1614, Time: 00:08:36

Health: -1/27      AC:  9    Str: 13    XL:     3   Next: 94%
Magic:  3/3        EV:  9    Int: 12    God:    Gozag
Gold:   163        SH:  0    Dex: 13    Spells: 2/2 levels left

rFire    x . .     SeeInvis .   q - +0 quarterstaff
rCold    + . .     Gourm    .   (shield currently unavailable)
rNeg     . . .     Faith    .   a - +2 scale mail
rPois    .         Spirit   .   (helmet restricted)
rElec    .         Reflect  .   (no cloak)
rCorr    .         Harm     .   (no gloves)
MR       .....                  (no boots)
Stlth    ..........             (no amulet)
Regen    0.1/turn               e - ring of ice
MPRegen  0.1/turn               (no ring)

@: no status effects
A: antennae 1, powered by pain 1
a: Potion Petition, Call Merchant, Bribe Branch, Renounce Religion


You were on level 3 of the Dungeon.
You worshipped Gozag.
Gozag was aware of your devotion.
You were not hungry.

You visited 1 branch of the dungeon, and saw 3 of its levels.

You collected 163 gold pieces.

Inventory:

Hand Weapons
 b - a +0 hand crossbow
 q - a +0 quarterstaff (weapon)
Missiles
 c - 38 bolts
Armour
 a - a +2 scale mail (worn)
Jewellery
 e - a ring of ice (left hand)
Wands
 r - a wand of flame (16/48)
Scrolls
 g - a scroll of recharging {unknown}
 h - a scroll of identify {unknown}
 j - a scroll of remove curse {unknown}
 m - a scroll of noise {unknown}
 n - a scroll of blinking {unknown}
 p - a scroll of amnesia {unknown}
 s - a scroll of magic mapping {unknown}
Potions
 d - 2 potions of curing
 k - a potion of lignification {unknown}
 o - a potion of resistance {unknown}
 t - a potion of heal wounds {unknown}
Comestibles
 f - a bread ration
 i - 2 meat rations
 l - 2 fruits


   Skills:
 + Level 1.7 Fighting
   Level 1.0 Axes
 + Level 0.1 Staves
   Level 1.0 Bows
 + Level 1.4 Crossbows
 + Level 4.9 Armour
 + Level 1.3 Dodging
   Level 1.0 Shields
 - Level 1.0 Evocations


You had 2 spell levels left.
You didn't know any spells.

Dungeon Overview and Level Annotations

Branches:
Dungeon (3/15)

Altars:
Fedhas
Gozag
Uskayaw

Annotations:
D:3 Grinder


Innate Abilities, Weirdness & Mutations

You have a pair of small antennae on your head.
You sometimes gain a little power by taking damage.


Message History

Grinder hits you but does no damage. Grinder barely misses you.
You hit Grinder.
Grinder is moderately wounded.
Grinder closely misses you.
You hit Grinder.
Grinder is moderately wounded.
Grinder hits you but does no damage.
You hit Grinder but do no damage.
Grinder is moderately wounded.
Grinder hits you.
* * * LOW HITPOINT WARNING * * *
You writhe in agony.
* * * LOW HITPOINT WARNING * * *
You hit Grinder.
Grinder is moderately wounded.
Grinder blinks!
Grinder gestures at you. Pain shoots through your body!
You die...
Your body crumbles into a pile of gold.

...#
###..###
...#
##)..#
...#
###.#
...# #.#
...) #.#
.....
#.###
#.).#
###.####
#...@#
#...###5#
###. #r#{
..


oog $ ... oor% #.. ..?... ... ....... ......... You could see Grinder, 4 orcs, 2
quokkas and a goblin.

Vanquished Creatures
  3 adders (D:2)
  A dart slug (D:1)
  A leopard gecko (D:1)
  An orc (D:3)
  4 bats
  3 giant cockroaches
  4 goblins
  5 hobgoblins
  2 ball pythons (D:1)
  5 frilled lizards
  3 kobolds (D:1)
  4 rats
36 creatures vanquished.

Notes
Turn   | Place    | Note
-------+----------+-------------------------------------------
     0 | D:1      | Lanoc the Demonspawn Wanderer began the quest for the Orb.
     0 | D:1      | Lanoc set off with: a +2 scale mail, a +0 hand crossbow, 23 bolts, a potion of curing, a bread ration
     0 | D:1      | Reached XP level 1. HP: 15/15 MP: 1/1
   222 | D:1      | Gained mutation: You sometimes gain a little power by taking damage. [demonic ancestry]
   222 | D:1      | Reached XP level 2. HP: 21/21 MP: 2/2
   456 | D:1      | Reached skill level 1 in Dodging
   463 | D:1      | Reached skill level 1 in Crossbows
   859 | D:2      | Found a hide-covered altar of Uskayaw.
   870 | D:2      | Gained mutation: You have a pair of small antennae on your head. [demonic ancestry]
   870 | D:2      | Reached XP level 3. HP: 24/26 MP: 3/3
   998 | D:2      | Found a faded altar of an unknown god.
  1000 | D:2      | Became a worshipper of Gozag Ym Sagoz the Greedy
  1129 | D:2      | Found a blossoming altar of Fedhas.
  1600 | D:3      | Noticed Grinder
  1614 | D:3      | Killed from afar by Grinder

Skill      XL: |  1  2 |
---------------+-------+-----
Dodging        | 1 |  1.3
Crossbows      | 1 |  1.4
Fighting       | |  1.7
Axes           | |  1.0
Staves         | |  0.1
Bows           | |  1.0
Armour         | |  4.9
Shields        | |  1.0
Evocations     | |  1.0

Action                   || total
-------------------------++-------
Melee: Quarterstaff      ||    41
 Fire: Hand crossbow     ||    85
  Eat: Fruit             ||     1
       Chunk             ||     1
Armor: Scale mail        ||    52
Dodge: Dodged            ||    48
